 Dungeon Crawl Stone Soup version 0.22-a0-362-g535178c (webtiles) character file.

122 Amnesiac the Grave Robber (level 4, -1/33 HPs)
             Began as a Mummy Necromancer on Apr 19, 2018.
             Killed from afar by an orc wizard (4 damage)
             ... with a puff of frost
             ... on level 3 of the Dungeon.
             The game lasted 00:02:36 (2429 turns).

Amnesiac the Grave Robber (Mummy Necromancer)       Turns: 2429, Time: 00:02:37

Health: -1/33      AC:  2    Str: 11    XL:     4   Next: 78%
Magic:  0/8        EV: 13    Int: 15    God:
Gold:   145        SH:  0    Dex: 12    Spells: 5/9 levels left

rFire    x . .     SeeInvis .   d - +0 hunting sling
rCold    + . .     Gourm    .   (no shield)
rNeg     + + +     Faith    .   a - +0 robe
rPois    ∞         Spirit   .   (no helmet)
rElec    .         Reflect  .   (no cloak)
rCorr    .         Harm     .   (no gloves)
MR       .....                  (no boots)
Stlth    ++........             (no amulet)
HPRegen  0.11/turn              (no ring)
MPRegen  0.11/turn              (no ring)

@: no status effects
A: no food or potions, fire vulnerability, cold resistance 1, negative energy
resistance 3, torment resistance, unbreathing
a: no special abilities


You were on level 3 of the Dungeon.
You were not hungry.

You visited 1 branch of the dungeon, and saw 3 of its levels.

You collected 145 gold pieces.

Inventory:

Hand Weapons
 d - a +0 hunting sling (weapon)
Missiles
 e - 83 stones
 f - 27 sling bullets (quivered)
 k - 6 curare-tipped needles
Armour
 a - a +0 robe (worn)
 h - a +0 pair of gloves
Wands
 g - a wand of iceblast (11)
Scrolls
 b - 2 scrolls of remove curse {!r, unknown}
 c - 3 scrolls of identify {!r, unknown}
 i - a scroll of noise {!r, unknown}


   Skills:
 + Level 1.9 Fighting
 * Level 3.1 Dodging
 - Level 1.5 Stealth
 - Level 3.0 Spellcasting
 + Level 4.5 Necromancy


You had 5 spell levels left.
You knew the following spells:

 Your Spells              Type           Power        Failure   Level  Hunger
a - Pain                  Necr           ###.         3%          1    N/A
d - Vampiric Draining     Necr           ###.......   9%          3    N/A

Dungeon Overview and Level Annotations

Branches:
Dungeon (3/15)

Altars:


Innate Abilities, Weirdness & Mutations

You do not eat or drink.
Your flesh is vulnerable to fire.
You are immune to poison.
Your flesh is cold resistant. (rC+)
You are immune to negative energy. (rN+++)
You are immune to unholy pain and torment.
You can survive without breathing.


Message History

Firing (i - inventory. (/) - cycle)
f - 32 sling bullets (quivered)
Press: ? - help, Shift-Dir - straight line, f/p - orc wizard
Aim: an orc wizard, wielding a dagger and wearing a robe (severely wounded)
You shoot a sling bullet.
The sling bullet closely misses the orc wizard.
The orc wizard hits you with a dagger.
* * * LOW HITPOINT WARNING * * *
The orc wizard hits you with a dagger.
* * * LOW HITPOINT WARNING * * *
Unknown command.
Casting: Vampiric Draining (safe; 10% risk of failure)
Confirm with . or Enter, or press ? or * to list all spells.
Aiming: Vampiric Draining (safe; 10% risk of failure)
Press: ? - help, Shift-Dir - straight line, f/p - orc wizard
Aim: an orc wizard, wielding a dagger and wearing a robe (severely wounded)
You kill the orc wizard!
Your Dodging skill increases to level 3!
You feel life coursing into your body.
You hear some strange, mumbled words.
A puff of frost appears from out of thin air!
The puff of frost hits you! You resist.
* * * LOW HITPOINT WARNING * * *
Something hits you but does no damage.
Items here: ( ) [ † a dagger; a robe; 2 sling bullets; an orc corpse
Casting: Vampiric Draining (safe; 9% risk of failure)
Confirm with . or Enter, or press ? or * to list all spells.
Aiming: Vampiric Draining (safe; 9% risk of failure)
Press: ? - help, Shift-Dir - straight line You feel life coursing into your body.
Something hits you but does no damage. x2
Firing (i - inventory. (/) - cycle)
f - 31 sling bullets (quivered)
Press: ? - help, Shift-Dir - straight line You shoot a sling bullet.
Something barely misses you. Something completely misses you.
Casting: Vampiric Draining (safe; 9% risk of failure)
Confirm with . or Enter, or press ? or * to list all spells.
Aiming: Pain (safe; 3% risk of failure)
Press: ? - help, Shift-Dir - straight line Nothing appears to happen.
Something hits you.
* * * LOW HITPOINT WARNING * * *
Firing (i - inventory. (/) - cycle)
f - 30 sling bullets (quivered)
Press: ? - help, Shift-Dir - straight line You shoot a sling bullet.
Something hits you but does no damage. Something hits you.
* * * LOW HITPOINT WARNING * * *
You can't drink.
Really read
j - a scroll labeled EROD LOFUOME {!r}?
As you read the scroll labeled EROD LOFUOME {!r}, it crumbles to dust.
The creatures around you are filled with an inner flame!
It was a scroll of immolation {!r}.
Firing (i - inventory. (/) - cycle)
f - 29 sling bullets (quivered)
Press: ? - help, Shift-Dir - straight line You shoot a sling bullet.
Something hits you.
* * * LOW HITPOINT WARNING * * *
You hear some strange, mumbled words.
A puff of frost appears from out of thin air!
The puff of frost misses you.
Firing (i - inventory. (/) - cycle)
f - 28 sling bullets (quivered)
Press: ? - help, Shift-Dir - straight line You shoot a sling bullet.
You hear some strange, mumbled words.
A puff of frost appears from out of thin air!
The puff of frost hits you! You resist.
You die...

#...........#
#...........#
.>..........#
).##.#'######
..##.#.#
..##.#.#####
#.##.#.....#
...#.#####.#
######## #..#.#
#.# #..@{.(#
#....# #.#
#.####.# #.#..#
#.# #.#.##(# ..# #
#.###.#.#.o# #
..#..#
#..[......o##.##.#
<....#
#####.###..((o..(#
##.#.#
#.....###o(.##
....# #####.. #(#
...# ..## #


There were no monsters in sight!

Vanquished Creatures
  An orc wizard (D:3)
  4 gnolls
  An adder (D:2)
  A leopard gecko (D:1)
  3 orcs (D:3)
  A giant cockroach (D:2)
  6 goblins
  6 hobgoblins
  3 jackals (D:2)
  9 kobolds
  A quokka (D:2)
  A ball python (D:1)
  4 bats
  4 frilled lizards
  2 rats
47 creatures vanquished.

Notes
Turn   | Place    | Note
-------+----------+-------------------------------------------
     0 | D:1      | Amnesiac the Mummy Necromancer began the quest for the Orb.
     0 | D:1      | Reached XP level 1. HP: 13/13 MP: 4/4
   253 | D:1      | Reached XP level 2. HP: 16/20 MP: 3/5
   560 | D:2      | Reached skill level 1 in Fighting
   560 | D:2      | Reached XP level 3. HP: 13/26 MP: 0/7
   565 | D:2      | Learned a level 3 spell: Vampiric Draining
  1155 | D:2      | Reached XP level 4. HP: 28/32 MP: 8/8
  2429 | D:3      | Killed from afar by an orc wizard

Vault maps used:
D:1:      dpeg_arrival_concentric_ovals, nrook_mini_backslash
D:2:      grunt_ministairs_4
D:3:      uniq_grinder

Skill      XL: |  1  2  3  4 |
---------------+-------------+-----
Dodging        | 2 3 |  3.1
Spellcasting   | 3 |  3.0
Fighting       | 1 |  1.9
Stealth        | |  1.5
Necromancy     | |  4.5

Action                   |  1- 3 |  4- 6 || total
-------------------------+-------+-------++-------
Melee: Unarmed           |    11 |       ||    11
 Fire: Hunting sling     |     6 |    82 ||    88
 Cast: Pain              |    51 |     2 ||    53
       Vampiric Draining |       |     3 ||     3
  Use: Scroll            |       |     1 ||     1
Armor: Robe              |    12 |     7 ||    19
Dodge: Dodged            |    29 |    20 ||    49

Table legend:
 A = Spawn XP
 B = Non-spawn XP
 C = Spawn XP percentage of total XP
 D = Spawn monster count
 E = Non-spawn monster count
 F = Spawn count percentage of total count
 G = Total turns spent on level
                    A         B        C        D         E        F      G
               +---------+---------+-------+---------+---------+-------+---------
         Total |       0 |     175 |   0.0 |       0 |      47 |   0.0 |  2429
               +---------+---------+-------+---------+---------+-------+---------
           D:1 |       0 |      40 |   0.0 |       0 |      17 |   0.0 |   922
           D:2 |       0 |      86 |   0.0 |       0 |      22 |   0.0 |  1369
           D:3 |       0 |      49 |   0.0 |       0 |       8 |   0.0 |   138
               +---------+---------+-------+---------+---------+-------+---------
